 Dungeon Sprint DCSS version 0.27-a0-1532-gca18f49f40 (webtiles) character file.

Game seed: 16653577048834721976

310 mhtbhm the Protected (level 6, -9/60 HPs)
             Began as a Minotaur Fighter on July 12, 2021.
             Was an Elder of Qazlal.
             Mangled by a death yak (14 damage)
             ... in the Dungeon (Sprint VII: "The Pits").
             The game lasted 00:01:14 (792 turns).

mhtbhm the Protected (Minotaur Fighter)              Turns: 792, Time: 00:01:15

Health: -9/60      AC: 14    Str: 23    XL:     6   Next: 18%
Magic:  8/8        EV:  7    Int:  5    God:    Qazlal [****..]
Gold:   0          SH: 16    Dex:  9    Spells: 5/5 levels left

rFire    . . .     SeeInvis .   a - +2 hand axe (vorpal)
rCold    . . .     Faith    .   c - +0 kite shield
rNeg     . . .     Spirit   .   b - +3 chain mail
rPois    .         Reflect  .   (helmet restricted)
rElec    .         Harm     .   (no cloak)
rCorr    .         Rampage  .   (no gloves)
Will     .....     NoTele   +   (no boots)
Stlth    ..........             (no amulet)
HPRegen  0.20/turn              (no ring)
MPRegen  0.11/turn              (no ring)

@: repel missiles
A: horns 2, retaliatory headbutt
a: Renounce Religion, Upheaval, Elemental Force


You were in the Dungeon.
You worshipped Qazlal.
Qazlal was greatly pleased with you.
You visited 1 branch

Inventory:

Hand Weapons
 a - a +2 vorpal hand axe (weapon)
Missiles
 n - a curare-tipped dart (quivered)
Armour
 b - a +3 chain mail (worn)
 c - a +0 kite shield (worn)
Scrolls
 j - a scroll of blinking
 l - 5 scrolls of amnesia
 m - a scroll of summoning
Potions
 d - a potion of might
 e - 5 potions of curing
 f - 6 potions of heal wounds
 g - a potion of haste
 h - 4 potions of magic
 i - 3 potions of berserk rage
 k - 2 potions of invisibility


   Skills:
 + Level 7.4 Fighting
 + Level 6.9 Axes
 + Level 8.5 Armour
 + Level 2.1 Dodging
 + Level 8.1 Shields
 * Level 5.1 Invocations


You had 5 spell levels left.
You didn't know any spells.
Your spell library was empty.

Dungeon Overview and Level Annotations

Branches:
Dungeon (1/1)

Altars:
Ashenzari
Cheibriados
Dithmenos
Elyvilon
Fedhas
Gozag
Hepliaklqana
Kikubaaqudgha
Makhleb
Nemelex Xobeh
Okawaru
Qazlal
Ru
Sif Muna
Trog
Uskayaw
Vehumet
Wu Jian
Xom
Yredelemnul
Zin
The Shining One
Beogh
Jiyva
Lugonu


Innate Abilities, Weirdness & Mutations

You have a pair of horns on your head.
You reflexively headbutt those who attack you in melee.


Message History

You feel sick.
You are no longer poisoned.
n - a curare-tipped dart You see here a +0 short sword.
You start resting.
You feel yourself speed up.
You start resting.
HP restored.
You open the door.
A death yak comes into view.
You hit the death yak but do no damage. You block the death yak's attack.
You hit the death yak.
You headbutt the death yak, but do no damage.
The death yak is lightly wounded.
You block the death yak's attack.
You hit the death yak but do no damage. Your headbutt misses the death yak.
The death yak is lightly wounded.
The death yak gores you.
You hit the death yak but do no damage.
You headbutt the death yak, but do no damage.
The death yak is lightly wounded.
The death yak snorts and paws the ground.
The death yak gores you!
You hit the death yak but do no damage.
The death yak is lightly wounded.
The death yak gores you! The death yak closely misses you.
You hit the death yak but do no damage.
The death yak is lightly wounded.
You block the death yak's attack.
You hit the death yak.
The death yak is lightly wounded.
The death yak gores you!
You barely miss the death yak. Your headbutt misses the death yak.
The death yak is lightly wounded.
The death yak gores you!!
* * * LOW HITPOINT WARNING * * *
You hit the death yak.
The death yak is lightly wounded.
The death yak gores you!
You die...

#.#........##.......#
#'###########.......#
#)).....# #########
#..###..# #.......#
##.###.##+#
#.......#.+
#..###..#Y#
#.......'@#
###########


You could see a death yak.

Vanquished Creatures
  A phantom (D)
  A kobold brigand (D)
  A scorpion (D)
  Ijyb (D)
  Terence (D)
  An orc wizard (D)
  A mummy (D)
  A gnoll (D)
  An adder zombie (D)
  3 orcs (D)
  A quokka (D)
  3 ball pythons (D)
  A frilled lizard (D)
  A rat (D)
18 creatures vanquished.

Notes
Turn   | Place    | Note
-------+----------+-------------------------------------------
     0 | D        | mhtbhm the Minotaur Fighter began the quest for the Orb.
     0 | D        | Reached XP level 1. HP: 19/19 MP: 0/0
    20 | D        | Found a bloodstained altar of Trog.
    20 | D        | Found a shimmering blue altar of Sif Muna.
    20 | D        | Found a viscous altar of Jiyva.
    20 | D        | Found a hazy altar of Hepliaklqana.
    20 | D        | Found an opulent altar of Gozag.
    21 | D        | Found a glowing golden altar of the Shining One.
    21 | D        | Found a glowing silver altar of Zin.
    21 | D        | Found a basalt altar of Yredelemnul.
    21 | D        | Found a shimmering altar of Xom.
    21 | D        | Found an ornate altar of the Wu Jian Council.
    21 | D        | Found a sacrificial altar of Ru.
    21 | D        | Found a stormy altar of Qazlal.
    21 | D        | Found an iron altar of Okawaru.
    21 | D        | Found a sparkling altar of Nemelex Xobeh.
    21 | D        | Found a burning altar of Makhleb.
    21 | D        | Found a blossoming altar of Fedhas.
    21 | D        | Found a white marble altar of Elyvilon.
    21 | D        | Found a shadowy altar of Dithmenos.
    21 | D        | Found a snail-covered altar of Cheibriados.
    23 | D        | Found a radiant altar of Vehumet.
    23 | D        | Found a corrupted altar of Lugonu.
    24 | D        | Found a hide-covered altar of Uskayaw.
    24 | D        | Found an ancient bone altar of Kikubaaqudgha.
    24 | D        | Found a broken altar of Ashenzari.
    28 | D        | Became a worshipper of Qazlal Stormbringer
   107 | D        | Reached * piety under Qazlal
   108 | D        | Reached XP level 2. HP: 14/28 MP: 1/1
   256 | D        | Noticed a scorpion
   257 | D        | Noticed Ijyb
   271 | D        | Killed a scorpion
   271 | D        | Reached ** piety under Qazlal
   272 | D        | Reached skill level 5 in Fighting
   272 | D        | Reached XP level 3. HP: 26/37 MP: 1/3
   272 | D        | Reached XP level 4. HP: 31/44 MP: 1/4
   285 | D        | Killed Ijyb
   286 | D        | Reached skill level 1 in Dodging
   419 | D        | Noticed Terence
   419 | D        | Noticed a phantom
   429 | D        | Reached *** piety under Qazlal
   431 | D        | Killed Terence
   432 | D        | Reached skill level 5 in Axes
   432 | D        | Reached XP level 5. HP: 17/51 MP: 6/6
   433 | D        | Killed a phantom
   435 | D        | Reached **** piety under Qazlal
   652 | D        | Reached skill level 5 in Invocations
   652 | D        | Reached XP level 6. HP: 34/60 MP: 8/8
   783 | D        | Noticed a death yak
   792 | D        | Mangled by a death yak

Illustrated notes

Levels and vault maps discovered:
D:        pitsprint [storerooms_1, entrance_room_1, metal_vault_4, armoury_1,
          mini_pit_1, grid_room_1, main_hall_1, silver_pit, the_coven_1,
          the_vestibule_1, steel_vault_3, golden_pit, hallway_of_sentries,
          crystal_vault_4, iron_vault_2, final_vault]

Skill      XL: |  1  2  3  4  5 |
---------------+----------------+-----
Fighting       | 4 5 6 7 |  7.4
Armour         | 4 6 7 8 |  8.5
Shields        | 4 6 7 8 |  8.1
Axes           | 3 4 5 6 |  6.9
Invocations    | 2 3 5 |  5.1
Dodging        | 1 2 |  2.1

Action                   |  1- 3 |  4- 6 || total
-------------------------+-------+-------++-------
Melee: Hand axe          |    23 |    42 ||    65
       Headbutt          |     7 |    10 ||    17
       War axe           |     1 |       ||     1
  Use: Potion            |     1 |       ||     1
Armor: Scale mail        |     2 |     5 ||     7
       Chain mail        |       |     6 ||     6
Dodge: Dodged            |    10 |     3 ||    13
Block: Kite shield       |    13 |    23 ||    36

Table legend: (Time is in decaauts)
 A = Elapsed time spent in this place.
 B = Non-inter-level travel time spent in this place.
 C = Inter-level travel time spent in this place.
 D = Time resting spent in this place.
 E = Time spent auto-exploring this place.
 F = Levels seen in this place.
 G = Mean time per level.
                   A        B        C        D        E       F      G
               +--------+--------+--------+--------+--------+-----+--------+
         Total |    814 |    814 |      0 |    512 |     73 |   1 |  814.0 |
       Dungeon |    814 |    814 |      0 |    512 |     73 |   1 |  814.0 |
               +--------+--------+--------+--------+--------+-----+--------+

Top non-repeatable levels by time:
       D: 814 daAuts
